 Dungeon Crawl Stone Soup version 0.21.1-1-g345015f (webtiles) character file.

109 empire the Ducker (level 4, -5/38 HPs)
             Began as a Gnoll Gladiator on Apr 4, 2018.
             Slain by Lidrolic's ghost (11 damage)
             ... on level 3 of the Dungeon.
             The game lasted 00:02:56 (1348 turns).

empire the Ducker (Gnoll Gladiator)                 Turns: 1348, Time: 00:02:57

Health: -5/38      AC:  5    Str: 17    XL:     4   Next: 90%
Magic:  5/5        EV: 22    Int: 10    God:
Gold:   135        SH:  0    Dex: 22    Spells: 5/5 levels left

rFire    . . .     SeeInvis .   a - +0 war axe
rCold    . . .     Gourm    .   (no shield)
rNeg     . . .     Faith    .   b - +0 leather armour
rPois    .         Spirit   .   c - +0 helmet
rElec    .         Reflect  .   (no cloak)
rCorr    .         Harm     .   (no gloves)
MR       .....                  l - +0 pair of boots
Stlth    +++.......             (no amulet)
HPRegen  0.12/turn              (no ring)
MPRegen  0.09/turn              (no ring)

@: agile
A: distributed training, fangs 1, strong nose
a: no special abilities


You were on level 3 of the Dungeon.
You were not hungry.

You visited 1 branch of the dungeon, and saw 3 of its levels.

You collected 135 gold pieces.

Inventory:

Hand Weapons
 a - a +0 war axe (weapon)
Missiles
 d - 3 throwing nets (quivered)
 p - 17 bolts
Armour
 b - a +0 leather armour (worn)
 c - a +0 helmet (worn)
 l - a +0 pair of boots (worn)
Jewellery
 k - an uncursed ring of fire {unknown}
Scrolls
 i - 5 scrolls of identify {unknown}
 j - 3 scrolls of amnesia {unknown}
 m - 3 scrolls of teleportation {unknown}
 o - a scroll of remove curse {unknown}
 q - a scroll of fear {unknown}
Potions
 e - 2 potions of curing
 g - a potion of agility
 h - a potion of lignification {unknown}
 n - a potion of cancellation {unknown}
Comestibles
 f - 9 rations
 r - 2 chunks of flesh


   Skills:
 + Level 4.7 Fighting
 + Level 1.2 Short Blades
 + Level 1.2 Long Blades
 + Level 6.6 Axes
 + Level 1.2 Maces & Flails
 + Level 1.2 Polearms
 + Level 1.2 Staves
 + Level 1.2 Slings
 + Level 1.2 Bows
 + Level 1.2 Crossbows
 + Level 4.7 Throwing
 + Level 1.2 Armour
 + Level 6.6 Dodging
 + Level 1.2 Stealth
 + Level 1.2 Shields
 + Level 1.2 Unarmed Combat
 + Level 1.2 Spellcasting
 + Level 1.0 Conjurations
 + Level 1.0 Hexes
 + Level 1.0 Charms
 + Level 1.0 Summonings
 + Level 1.0 Necromancy
 + Level 1.0 Translocations
 + Level 1.0 Transmutations
 + Level 1.0 Fire Magic
 + Level 1.0 Ice Magic
 + Level 1.0 Air Magic
 + Level 1.0 Earth Magic
 + Level 1.0 Poison Magic
 + Level 1.3 Invocations
 + Level 1.2 Evocations


You had 5 spell levels left.
You didn't know any spells.

Dungeon Overview and Level Annotations

Branches:
Dungeon (3/15)

Altars:

Annotations:
D:3 Lidrolic's ghost, amateur HuFi


Innate Abilities, Weirdness & Mutations

Your experience applies equally to all skills.
You have very sharp teeth.
Your uncanny sense of smell can sniff out nearby items.


Message History

You slice Lidrolic's ghost!!
Lidrolic's ghost is heavily damaged.
You hit the hobgoblin.
You kill the hobgoblin!
Lidrolic's ghost hits you but does no damage.
The kobold throws a stone.
The stone barely misses you.
It was a potion of curing.
You feel better. Lidrolic's ghost hits you!
* * * LOW HITPOINT WARNING * * *
The kobold throws a stone.
The stone completely misses you.
It was a potion of agility.
You feel agile all of a sudden. Lidrolic's ghost completely misses you.
You barely miss Lidrolic's ghost.
Lidrolic's ghost is heavily damaged.
Lidrolic's ghost misses you.
You closely miss Lidrolic's ghost.
You bite Lidrolic's ghost, but do no damage.
Lidrolic's ghost is heavily damaged.
Lidrolic's ghost hits you!
You die...

......# ##.## .....##
##...## ....## ##.....#
...## #......## #'##
#.......# #.#
#.#...#.##### #.#
#....≈⌠≈....# #.##
##.....≈...... ...###
##.....@W...... .....#
##..≈....).....≈
...#.####..§≈........K.≈
......>.................
..##.##.................
#.##.##.........####..).
..##.###.......## #...
.. ..# #≈......# ).. #
### #⌠≈.....#


You could see Lidrolic's ghost and a kobold.

Vanquished Creatures
  A gnoll (D:1)
  4 adders
  An ooze (D:1)
  4 dart slugs
  A giant cockroach (D:1)
  10 goblins
  9 hobgoblins
  9 kobolds
  6 bats
  4 frilled lizards
  4 rats
53 creatures vanquished.

Notes
Turn   | Place    | Note
-------+----------+-------------------------------------------
     0 | D:1      | empire the Gnoll Gladiator began the quest for the Orb.
     0 | D:1      | Reached XP level 1. HP: 20/20 MP: 1/1
    93 | D:1      | Reached XP level 2. HP: 26/26 MP: 2/2
   269 | D:1      | Reached XP level 3. HP: 13/31 MP: 3/3
   614 | D:1      | Reached skill level 1 in Invocations
   870 | D:2      | Reached skill level 1 in Short Blades
   870 | D:2      | Reached skill level 1 in Long Blades
   870 | D:2      | Reached skill level 1 in Maces & Flails
   870 | D:2      | Reached skill level 1 in Polearms
   870 | D:2      | Reached skill level 1 in Staves
   870 | D:2      | Reached skill level 1 in Slings
   870 | D:2      | Reached skill level 1 in Bows
   870 | D:2      | Reached skill level 1 in Crossbows
   870 | D:2      | Reached skill level 1 in Armour
   870 | D:2      | Reached skill level 1 in Stealth
   870 | D:2      | Reached skill level 1 in Shields
   870 | D:2      | Reached skill level 1 in Unarmed Combat
   870 | D:2      | Reached skill level 1 in Spellcasting
   870 | D:2      | Reached skill level 1 in Evocations
   888 | D:2      | Reached XP level 4. HP: 37/38 MP: 5/5
  1226 | D:2      | Reached skill level 1 in Conjurations
  1226 | D:2      | Reached skill level 1 in Hexes
  1226 | D:2      | Reached skill level 1 in Charms
  1226 | D:2      | Reached skill level 1 in Summonings
  1226 | D:2      | Reached skill level 1 in Necromancy
  1226 | D:2      | Reached skill level 1 in Translocations
  1226 | D:2      | Reached skill level 1 in Transmutations
  1226 | D:2      | Reached skill level 1 in Fire Magic
  1226 | D:2      | Reached skill level 1 in Ice Magic
  1226 | D:2      | Reached skill level 1 in Air Magic
  1226 | D:2      | Reached skill level 1 in Earth Magic
  1226 | D:2      | Reached skill level 1 in Poison Magic
  1336 | D:3      | Noticed Lidrolic's ghost (amateur HuFi)
  1348 | D:3      | Slain by Lidrolic's ghost

Skill      XL: |  1  2  3  4 |
---------------+-------------+-----
Invocations    | 1 |  1.3
Short Blades   | 1 |  1.2
Long Blades    | 1 |  1.2
Maces & Flails | 1 |  1.2
Polearms       | 1 |  1.2
Staves         | 1 |  1.2
Slings         | 1 |  1.2
Bows           | 1 |  1.2
Crossbows      | 1 |  1.2
Armour         | 1 |  1.2
Stealth        | 1 |  1.2
Shields        | 1 |  1.2
Unarmed Combat | 1 |  1.2
Spellcasting   | 1 |  1.2
Evocations     | 1 |  1.2
Conjurations   | 1 |  1.0
Hexes          | 1 |  1.0
Charms         | 1 |  1.0
Summonings     | 1 |  1.0
Necromancy     | 1 |  1.0
Translocations | 1 |  1.0
Transmutations | 1 |  1.0
Fire Magic     | 1 |  1.0
Ice Magic      | 1 |  1.0
Air Magic      | 1 |  1.0
Earth Magic    | 1 |  1.0
Poison Magic   | 1 |  1.0
Fighting       | |  4.7
Axes           | |  6.6
Throwing       | |  4.7
Dodging        | |  6.6

Action                   |  1- 3 |  4- 6 || total
-------------------------+-------+-------++-------
Melee: War axe           |    86 |    45 ||   131
       Bite              |    11 |     7 ||    18
  Use: Potion            |       |     2 ||     2
 Stab: Sleeping          |     2 |     3 ||     5
  Eat: Chunk             |       |     2 ||     2
Armor: Leather armour    |    18 |     7 ||    25
Dodge: Dodged            |    63 |    41 ||   104
